AoeStats
← MalteDerBaer

Arabia

510159100Analyzed
1v1 RM · 19h ago on Sep 29, 2026· 45m 35s· 2 players
Game mode
Random Map
Map size
Tiny (2 player)
Population
200
Speed
Normal
Resources
Standard
Victory
Conquest
Starting age
Dark Age
Ending age
Imperial Age
RankedLock teamsTeams togetherTeam positionsShared explorationLock speedFull tech treeHidden civsTurbo modeCheats
Victory
Defeat
🇬🇧 Spanish · United Kingdom
866
+15
🇩🇪 Danes · Germany
851
-15
MalteDerBaer
7:35 Loom
10:19 Feudal Age
18:01 Castle Age
17:30 Scale Mail Armor
17:25 Horse Collar
19:07 Double-Bit Axe
20:47 Squires
22:04 Arson
22:05 Gambesons
24:05 Wheelbarrow
31:38 Gold Mining
31:55 Heavy Plow
39:20 Imperial Age
38:00 Forging
38:08 Chain Mail Armor
37:44 Fletching
40:23 Elite Varangian Guard
41:42 Conscription
MrRainbows
3:33 Loom
10:17 Feudal Age
10:45 Double-Bit Axe
11:09 Horse Collar
18:35 Castle Age
21:38 Scale Barding Armor
21:48 Bow Saw
21:50 Scale Barding Armor
22:57 Wheelbarrow
22:31 Heavy Plow
23:35 Bloodlines
26:21 Chain Barding Armor
28:24 Forging
32:42 Iron Casting
32:57 Husbandry
34:27 Devotion
34:40 Redemption
36:39 Hand Cart
42:12 Imperial Age
42:16 Ballistics
44:17 Plate Barding Armor
44:42 Blast Furnace
43:19 Cavalier
44:43 Paladin
Connection lost

Rejoining the realm…

Still unreachable

The connection could not be restored.

Session expired

The server has moved on; the page needs a fresh start.